 Dungeon Crawl Stone Soup version 0.21-a0-286-g6fcecc0 (webtiles) character file.

134953 aspa the Sorcerer (level 17, -1/108 HPs)
             Began as an Octopode Wizard on Sept 26, 2017.
             Was the Champion of Sif Muna.
             Slain by a manticore (21 damage)
             ... on level 1 of the Shoals on Sept 27, 2017.
             The game lasted 04:03:37 (30063 turns).

aspa the Sorcerer (Octopode Wizard)                Turns: 30063, Time: 04:03:38

Health: -1/108     AC:  3    Str:  7    XL:     17   Next: 18%
Magic:  4/52       EV: 20    Int: 30    God:    Sif Muna [******]
Gold:   1344       SH:  6    Dex: 10    Spells: 8/61 levels left

rFire    + + .     SeeInvis .   b - +5 demon whip (elec)
rCold    . . .     Gourm    .   M - +2 buckler
rNeg     + . .     Faith    .   J - +2 hat
rPois    +         Spirit   .   E - amulet of magic regeneration
rElec    .         Reflect  .   C - ring "Duciust" {rPois rN+ Stlth+}
rCorr    +         Harm     .   j - ring of resist corrosion
MR       +....                  Q - ring of protection from fire
Stlth    +++++.....             v - ring of Kovvyn {Wiz +Fly Int+3}
HPRegen  0.68/turn              p - +5 ring of evasion
MPRegen  0.58/turn              r - ring of wizardry
                                T - ring of magical power
                                (no ring)

@: deflect missiles
A: almost no armour, stealthy swim, amphibious, 8 rings, constrict 8, antennae
1, repulsion field 1, camouflage 1, fire resistance 1, regeneration 1,
gelatinous body 1, MP-powered wands
a: Divine Energy, Channel Magic, Forget Spell, Renounce Religion, Evoke Flight


You were on level 1 of the Shoals.
You worshipped Sif Muna.
Sif Muna was exalted by your worship.
You were not hungry.

You visited 5 branches of the dungeon, and saw 26 of its levels.
You visited 1 bazaar.
You also visited: Labyrinth and Volcano.

You collected 2093 gold pieces.
You spent 749 gold pieces at shops.

Inventory:

Hand Weapons
 b - a +5 demon whip of electrocution (weapon)
 k - the +3 hand crossbow of Tyxze {velocity, Dex+3}
   (You found it on level 6 of the Lair of Beasts)

   Any bolt fired from it inflicts extra damage.
   It affects your dexterity (+3).
 Y - the +8 longbow of the Twelve Cities {freeze, rC++ Int-2}
   (You found it on level 1 of the Shoals)

   It causes projectiles fired from it to freeze those they strike, causing
   extra injury to most foes and up to half again as much damage against
   particularly susceptible opponents.
   They can also slow down cold-blooded creatures.
   It affects your intelligence (-2).
   It greatly protects you from cold.
Armour
 J - a +2 hat (worn)
 M - a +2 buckler (worn)
Magical Staves
 a - an uncursed staff of conjuration
Jewellery
 j - a ring of resist corrosion (right tentacle)
 p - a +5 ring of evasion (on tentacle)
 r - a ring of wizardry (on tentacle)
 v - the ring of Kovvyn (on tentacle) {Wiz +Fly Int+3}
   (You acquired it on level 11 of the Dungeon)

   [ring of wizardry]

   It improves your spell success rate.
   It affects your intelligence (+3).
   It lets you fly.
 C - the ring "Duciust" (left tentacle) {rPois rN+ Stlth+}
   (You acquired it on level 2 of the Lair of Beasts)

   [ring of poison resistance]

   It protects you from poison.
   It protects you from negative energy.
   It makes you more stealthy.
 E - an amulet of magic regeneration (around mantle)
 H - an uncursed ring of fire
 Q - a ring of protection from fire (on tentacle)
 T - a ring of magical power (on tentacle)
 X - an uncursed ring of loudness
Wands
 i - a wand of acid (11/15)
 n - a wand of lightning (2/15)
 R - a wand of disintegration (20/24)
 S - a wand of digging (19/24)
 U - a wand of disintegration (17/24)
Scrolls
 e - a scroll of enchant weapon
 g - a scroll of amnesia
 q - 2 scrolls of immolation
 t - 5 scrolls of teleportation
 y - 6 scrolls of identify
 z - 5 scrolls of fog
 D - a scroll of magic mapping
 F - a scroll of summoning
 G - 6 scrolls of remove curse
 I - a scroll of recharging
 W - a scroll of blinking
Potions
 c - 6 potions of curing
 m - 3 potions of mutation
 o - 6 potions of brilliance
 s - 5 potions of flight
 u - 2 potions of lignification
 w - 2 potions of invisibility
 B - 5 potions of haste
 L - a potion of heal wounds
 O - a potion of agility
 V - a potion of might
Books
 d - Sif Muna's Tome of Damaging Earth
   (Sif Muna gifted it to you on level 6 of the Lair of Beasts)

   Spells                             Type                      Level
   a - Bolt of Magma                  Conjuration/Fire/Earth       5
   b - Bolt of Cold                   Conjuration/Ice              6
   c - Poison Arrow                   Conjuration/Poison           6
 K - a book of Clouds

   Spells                             Type                      Level
   a - Poisonous Vapours              Poison/Air                   2
   b - Mephitic Cloud                 Conjuration/Poison/Air       3
   c - Conjure Flame                  Conjuration/Fire             3
   d - Freezing Cloud                 Conjuration/Ice/Air          6
   e - Ring of Flames                 Charms/Fire                  7
Miscellaneous
 h - a crystal ball of energy
 N - a lightning rod (4/4)
 P - a phial of floods
Comestibles
 f - 2 meat rations
 l - 5 fruits
 x - 8 bread rations


   Skills:
 * Level 7.5 Fighting
 - Level 2.0 Dodging
 - Level 5.0 Stealth
 - Level 4.0 Shields
 + Level 22.6 Spellcasting
 - Level 6.9 Conjurations
 - Level 1.8 Charms
 - Level 1.0 Summonings
 - Level 1.0 Translocations
 - Level 5.0 Fire Magic
 - Level 1.2 Air Magic
 - Level 6.4 Poison Magic


You had 8 spell levels left.
You knew the following spells:

 Your Spells              Type           Power        Failure   Level  Hunger
a - Magic Dart            Conj           ####         1%          1    None
b - Call Imp              Summ           #####...     1%          2    None
c - Mephitic Cloud        Conj/Pois/Air  ######..     1%          3    None
d - Blink                 Tloc           N/A          1%          2    None
e - Slow                  Hex            ####....     1%          2    None
f - Conjure Flame         Conj/Fire      ######..     1%          3    None
g - Animate Skeleton      Necr           N/A          1%          1    None
h - Apportation           Tloc           #####.       1%          1    None
i - Throw Flame           Conj/Fire      ######       1%          2    None
j - Fireball              Conj/Fire      ######....   1%          5    None
k - Inner Flame           Hex/Fire       #####...     1%          3    None
l - Summon Small Mammal   Summ           ####         1%          1    None
m - Deflect Missiles      Chrm/Air       #####.....   21%         6    None
n - Poison Arrow          Conj/Pois      ######....   2%          6    None
o - Force Lance           Conj/Tloc      ######..     1%          4    None
p - Throw Icicle          Conj/Ice       ######..     1%          4    None
q - Spellforged Servitor  Conj/Summ      ######....   36%         7    #......


Dungeon Overview and Level Annotations

Branches:
Dungeon (15/15)            Temple (1/1) D:7            Lair (6/6) D:10
 Shoals (2/4) Lair:3       Spider (0/4) Lair:2        Slime (0/5) Lair:5
    Orc (2/2) D:9             Elf (0/3) Orc:2        Vaults (0/5) D:14
 Depths (0/5) D:15

Altars:
Ashenzari
Cheibriados
Dithmenos
Elyvilon
Fedhas
Gozag
Hepliaklqana
Kikubaaqudgha
Makhleb
Nemelex Xobeh
Okawaru
Qazlal
Ru
Sif Muna
Trog
Uskayaw
Vehumet
Wu Jian
Xom
Yredelemnul
Zin
The Shining One

Shops:
Orc:2 }(%%

Portals:
Pandemonium: Orc:2

Annotations:
Shoals:2 Frances


Innate Abilities, Weirdness & Mutations

You cannot wear most types of armour.
You are very stealthy in the water. (Stealth+)
You are amphibious.
You can wear up to eight rings at the same time.
You can use your tentacles to constrict eight enemies at once.
Your skin changes colour to match your surroundings (Stealth+).
Your rubbery body absorbs attacks. (AC +1, EV +1)
You have a pair of small antennae on your head.
You are surrounded by a mild repulsion field. (EV +2)
Your flesh is heat resistant. (rF+)
Your natural rate of healing is unusually fast.
You expend magic power (3 MP) to strengthen your wands.


Message History

You feel a surge of power!
The lance of force hits the manticore.
The manticore is almost dead.
The manticore is knocked back by the lance of force.
The manticore slams into the rock wall!
You hit the manticore but do no damage.
The manticore is almost dead.
The manticore misses you. x2; You block the manticore's attack.
You hit the manticore but do no damage.
The manticore is almost dead.
The manticore bites you! The manticore closely misses you.
The manticore claws you.
You hear the crackle of electricity.
b - a +5 demon whip of electrocution (weapon)
The manticore bites you!!
* * * LOW HITPOINT WARNING * * *
You block the manticore's attack. The manticore closely misses you.
You hit the manticore but do no damage.
The manticore is almost dead.
The manticore bites you!!
You die...

#≈≈≈≈≈≈Z≈≈≈≈≈≈≈≈≈≈≈≈≈≈.≈.##.≈.##.
#≈≈≈≈≈≈Z≈≈≈≈≈≈≈≈≈≈≈≈≈≈.≈##..≈≈#.≈
#≈≈≈≈≈≈≈≈≈≈≈≈≈≈≈≈≈≈≈≈≈.##≈≈≈≈##..
#≈≈≈≈≈≈≈≈≈≈≈≈≈≈≈≈≈≈≈≈≈.#.≈≈≈##≈≈.
#≈≈≈≈≈≈≈≈≈≈≈≈≈≈≈≈.≈≈≈..#.≈≈##≈≈≈≈
#≈≈≈≈≈≈≈≈≈≈≈≈≈≈≈≈...≈..#.≈.#.≈≈..
#≈≈≈≈≈≈≈≈≈≈≈≈≈≈≈≈.....≈#...+..≈≈≈
#≈≈≈≈≈≈≈≈≈≈≈≈≈≈≈≈......#.≈.#..≈≈≈
#≈≈≈≈≈≈≈≈≈≈≈≈≈≈≈@......#≈≈≈##.≈≈≈
#≈≈≈≈≈≈≈≈≈≈≈≈≈≈≈.H.#..≈#.≈≈≈##≈≈≈
#≈≈≈≈≈≈≈≈≈≈≈≈≈≈≈≈.##...##≈≈≈≈##≈≈
#≈≈≈≈≈≈≈≈≈≈≈≈≈≈≈≈..#....##≈≈≈≈#≈≈
#≈≈≈≈≈≈≈≈≈≈≈≈≈......>...≈##≈≈≈#≈≈
#≈≈≈≈≈≈≈≈≈≈≈≈≈≈..≈......≈≈#≈()#≈.
#≈≈≈≈≈≈≈≈≈≈≈≈≈≈≈≈≈≈.≈≈≈≈≈≈#≈≈{#..
#≈≈≈≈≈≈≈...≈≈..≈≈≈≈.≈≈≈....≈≈)).)
#≈≈≈≈≈≈..##......≈≈≈≈.....)..)...


You could see a manticore.

Vanquished Creatures
  Rupert (Lair:2)
  Kirke (Shoals:2)
  Louise (D:14)
  Aizul (Shoals:2)
  An ettin (D:15)
  Snorg (D:13)
  A fire dragon (Shoals:1)
  A merfolk javelineer (Shoals:1)
  A minotaur (Lab)
  A merfolk impaler (Shoals:1)
  Josephine (D:13)
  7 hydras
  An ice dragon (Shoals:1)
  Erica (D:8)
  Harold (D:12)
  A catoblepas (Lair:6)
  3 vault guards (D:14)
  2 merfolk avatars (Shoals:2)
  2 death knights
  The ghost of Kite the Severer, a novice MiBe of Trog (Lair:1)
  A merfolk aquamancer (Shoals:1)
  4 two-headed ogres
  11 death yaks
  A deep troll shaman (Lair:6)
  2 tengu warriors
  A centaur warrior (D:14)
  A soul eater (Orc:2)
  Urug (Lair:5)
  3 sun demons
  7 orc high priests (Orc:2)
  Nergalle (Lair:3)
  A deep elf knight (D:15)
  Sonja (D:10)
  3 skeletal warriors (D:14)
  A hell knight (D:15)
  An unseen horror (D:11)
  5 sea snakes
  2 torturous demonspawn (Orc:2)
  An infernal demonspawn (Orc:2)
  A wizard (D:14)
  Pikel (D:6)
  4 orc knights (Orc:2)
  9 deep elf magi (Orc:2)
  4 harpies (Shoals:1)
  5 ugly things
  3 fauns (Shoals:1)
  8 slime creatures
  5 orc sorcerers
  7 cyclopes
  3 oklob plants (Lair:5)
  2 manticores (Shoals:1)
  2 elephants (Lair:6)
  7 merfolk sirens
  2 gargoyles (D:14)
  4 black mambas
  Psyche (D:8)
  2 smoke demons (Orc:2)
  8 spiny frogs
  2 kobold demonologists (D:9)
  A rime drake (Lair:2)
  A freezing wraith (D:14)
  3 komodo dragons
  A yaktaur (D:15)
  2 tengu conjurers
  11 trolls
  2 red devils
  16 merfolk
  5 polar bears
  A jumping spider (Lair:2)
  15 blink frogs
  A hornet (D:12)
  Prince Ribbit (D:8)
  7 hippogriffs
  5 snapping turtles
  10 dream sheep
  6 redbacks
  A water elemental (Shoals:1)
  7 wraiths
  A vampire (D:9)
  25 yaks
  6 wyverns
  2 hungry ghosts
  Grum (D:8)
  8 fire bats (Volcano)
  7 hogs
  2 fire elementals (D:15)
  2 basilisks
  A chaos spawn (Orc:2)
  3 wargs (D:10)
  3 soldier ants
  4 hell hounds (D:15)
  12 water moccasins
  15 porcupines
  6 sky beasts
  An ice beast (D:13)
  A black bear (Lair:4)
  30 orc warriors
  16 ogres
  3 boggarts (D:14)
  21 wolves
  An eye of draining (D:11)
  A phantom (D:10)
  A necrophage (D:10)
  11 centaurs
  11 crocodiles
  6 big kobolds
  11 bullfrogs
  2 gnoll sergeants
  3 scorpions
  A wyvern skeleton (D:9)
  6 killer bees
  5 wights
  3 electric eels
  10 crimson imps
  7 howler monkeys
  8 lava snakes (Volcano)
  3 centaur zombies
  2 bullfrog zombies
  6 hounds
  7 jellies
  2 quasits
  23 orc priests
  2 bullfrog skeletons (D:4)
  4 iguanas
  7 centaur skeletons
  21 orc wizards
  11 worker ants
  A hound zombie (D:10)
  A hound skeleton (D:7)
  A worker ant zombie (D:8)
  Robin (D:3)
  19 gnolls
  10 adders
  4 shadow imps
  A white imp (D:5)
  2 oozes
  3 adder skeletons
  2 worms
  3 leopard geckos
  73 orcs
  2 bats (D:2)
  7 giant cockroaches
  16 goblins
  12 hobgoblins
  8 jackals (D:3)
  4 quokkas
  A ball python (D:1)
  2 frilled lizards
  A goblin skeleton (D:5)
  A hobgoblin zombie (D:5)
  23 kobolds
  2 kobold skeletons (D:5)
  2 kobold zombies (D:5)
  An orc skeleton (D:5)
  2 quokka skeletons
  9 rats
  9 bushes
  2 fungi
  14 plants
838 creatures vanquished.

Vanquished Creatures (collateral kills)
  Gastronok (Lair:2)
  Azrael (D:15)
  A hydra (Lair:6)
  A vault guard (D:14)
  A merfolk avatar (Shoals:1)
  2 death yaks (Lair:6)
  2 sea snakes (Shoals:1)
  A wind drake (Shoals:1)
  5 merfolk (Shoals:1)
  2 polar bears (Lair:6)
  6 dream sheep
  A meliai zombie (D:12)
  5 hippogriffs
  A wraith (D:13)
  A hog (D:7)
  4 redbacks (D:13)
  4 yaks
  2 fire elementals (D:15)
  A human (D:7)
  A warg (Orc:2)
  A water moccasin (Lair:1)
  A porcupine (Lair:1)
  An orc warrior (D:9)
  An eye of draining (D:13)
  A phantom (D:5)
  2 crocodiles
  2 bullfrogs (D:13)
  Blork the orc (D:4)
  A wyvern zombie (D:11)
  8 jellies
  2 wights (D:8)
  2 crimson imps
  5 orc priests
  An orc wizard (Orc:2)
  A hound (D:11)
  A bullfrog skeleton (D:12)
  Terence (D:2)
  An ooze (Lair:5)
  2 worms (D:2)
  A leopard gecko (D:8)
  9 orcs
  A hobgoblin (D:2)
  4 kobolds (D:8)
  A bush (Shoals:1)
  3 fungi
  4 plants (Lair:6)
101 creatures vanquished.

Vanquished Creatures (others)
  4 slaves (D:6)
  A scorpion (D:6)
  An orc wizard (D:6)
  An orc (D:6)
  4 fungi
  4 plants
15 creatures vanquished.

Grand Total: 954 creatures vanquished

Notes
Turn   | Place    | Note
-------+----------+-------------------------------------------
     0 | D:1      | aspa the Octopode Wizard began the quest for the Orb.
     0 | D:1      | Reached XP level 1. HP: 11/11 MP: 4/4
   212 | D:1      | Reached XP level 2. HP: 17/17 MP: 0/6
   216 | D:1      | Learned a level 2 spell: Call Imp
  1507 | D:2      | Reached XP level 3. HP: 20/21 MP: 8/8
  1518 | D:1      | Reached skill level 4 in Spellcasting
  1631 | D:2      | Learned a level 3 spell: Mephitic Cloud
  1634 | D:2      | Learned a level 2 spell: Blink
  2195 | D:3      | Noticed Terence
  2228 | D:2      | Killed Terence
  2228 | D:2      | Reached XP level 4. HP: 27/27 MP: 3/10
  2240 | D:2      | Learned a level 3 spell: Conjure Flame
  2303 | D:3      | Found a sparkling altar of Nemelex Xobeh.
  2705 | D:3      | Found a hazy altar of Hepliaklqana.
  2706 | D:3      | Reached XP level 5. HP: 31/31 MP: 10/12
  2712 | D:3      | Learned a level 2 spell: Slow
  2845 | D:3      | Reached skill level 5 in Spellcasting
  3080 | D:3      | Found a faded altar of an unknown god.
  3080 | D:3      | Noticed Robin
  3099 | D:3      | Killed Robin
  3291 | D:3      | Learned a level 1 spell: Animate Skeleton
  3437 | D:4      | Noticed Blork the orc
  3475 | D:4      | Killed Blork the orc
  3776 | D:4      | Reached XP level 6. HP: 36/36 MP: 6/14
  3779 | D:4      | Learned a level 1 spell: Apportation
  4120 | D:4      | Reached skill level 6 in Spellcasting
  4472 | D:5      | Entered Level 5 of the Dungeon
  4567 | D:5      | Reached XP level 7. HP: 41/41 MP: 11/16
  4644 | D:5      | Found a glowing golden altar of the Shining One.
  4842 | D:5      | Found a shattered altar of Ashenzari.
  4936 | D:5      | Reached skill level 7 in Spellcasting
  5418 | D:6      | Noticed Pikel
  5430 | D:6      | Killed Pikel
  5430 | D:6      | Reached skill level 9 in Spellcasting
  5430 | D:6      | Reached XP level 8. HP: 46/46 MP: 7/21
  5531 | D:6      | HP: 2/46 [orc priest/divine providence (16)]
  6057 | D:6      | Reached skill level 10 in Spellcasting
  6196 | D:6      | Reached XP level 9. HP: 51/51 MP: 20/23
  6352 | D:6      | Learned a level 2 spell: Throw Flame
  7067 | D:7      | Learned a level 5 spell: Fireball
  7212 | D:7      | Reached skill level 1 in Fire Magic
  7224 | D:7      | Gained mutation: Your flesh is cold resistant. (rC+) [mutagenic meat]
  7229 | D:7      | Found a sacrificial altar of Ru.
  7338 | D:7      | Reached skill level 11 in Spellcasting
  7508 | D:7      | Found a staircase to the Ecumenical Temple.
  7514 | Temple   | Entered the Ecumenical Temple
  7715 | Temple   | Became a worshipper of Sif Muna the Loreminder
  7744 | Temple   | Learned a level 3 spell: Inner Flame
  7746 | Temple   | Learned a level 1 spell: Summon Small Mammal
  7921 | D:8      | Reached skill level 5 in Conjurations
  8037 | D:8      | Noticed Psyche
  8058 | D:8      | Killed Psyche
  8058 | D:8      | Reached XP level 10. HP: 56/56 MP: 1/25
  8220 | D:8      | Reached * piety under Sif Muna
  8240 | D:8      | Noticed Erica
  8253 | D:8      | Killed Erica
  8735 | D:8      | Gained mutation: You have a pair of small antennae on your head. [mutagenic meat]
  8768 | D:8      | Noticed Grum
  8770 | D:8      | Noticed Prince Ribbit
  8777 | D:8      | Killed Grum
  8777 | D:8      | Reached ** piety under Sif Muna
  8782 | D:8      | Killed Prince Ribbit
  8782 | D:8      | Reached skill level 5 in Fire Magic
  8970 | D:9      | Noticed a two-headed ogre
  8980 | D:9      | Killed a two-headed ogre
  8980 | D:9      | Reached skill level 12 in Spellcasting
  9219 | D:9      | Gained mutation: You occasionally shout uncontrollably at your foes. [mutagenic meat]
  9220 | D:9      | Gained mutation: You are surrounded by a mild repulsion field. (EV +2) [mutagenic meat]
  9221 | D:9      | Gained mutation: Your natural rate of healing is unusually fast. [mutagenic meat]
  9222 | D:9      | Gained mutation: Your muscles are strong. (Str +2) [mutagenic meat]
  9230 | D:9      | Reached skill level 5 in Stealth
  9268 | D:9      | Noticed a death knight
  9367 | D:9      | Noticed a two-headed ogre
  9376 | D:9      | Killed a two-headed ogre
  9376 | D:9      | Reached XP level 11. HP: 61/61 MP: 14/27
  9500 | D:9      | Reached *** piety under Sif Muna
  9513 | D:9      | Reached skill level 13 in Spellcasting
  9834 | D:9      | Found a sacrificial altar of Ru.
  9905 | D:10     | Entered Level 10 of the Dungeon
 10287 | D:9      | Killed a death knight
 10317 | D:9      | Found an opulent altar of Gozag.
 10339 | D:9      | Found a staircase to the Orcish Mines.
 10701 | D:10     | Reached **** piety under Sif Muna
 10709 | D:10     | Reached skill level 14 in Spellcasting
 10932 | D:10     | Learned a level 6 spell: Deflect Missiles
 11078 | D:10     | Reached skill level 1 in Charms
 11233 | D:10     | Reached skill level 1 in Air Magic
 11512 | Orc:1    | Entered Level 1 of the Orcish Mines
 11659 | Orc:2    | Entered Level 2 of the Orcish Mines
 11884 | D:10     | Found a staircase to the Lair.
 11952 | D:10     | Noticed Sonja
 11955 | D:10     | Killed Sonja
 12309 | D:11     | Noticed a brown ugly thing
 12398 | D:11     | Noticed a cyclops
 12409 | D:11     | Reached skill level 1 in Shields
 12421 | D:11     | Reached XP level 12. HP: 60/66 MP: 8/30
 12578 | D:11     | Noticed a seven-headed hydra
 12616 | D:11     | Reached ***** piety under Sif Muna
 12616 | D:11     | Received a gift from Sif Muna
 12692 | D:11     | Reached skill level 15 in Spellcasting
 12749 | D:11     | Lost mutation: Your flesh is cold resistant. (rC+) [mutagenic meat]
 12769 | D:11     | Lost mutation: Your muscles are strong. (Str +2) [potion of mutation]
 12769 | D:11     | Lost mutation: You occasionally shout uncontrollably at your foes. [potion of mutation]
 12769 | D:11     | Gained mutation: You expend magic power (3 MP) to strengthen your wands. [potion of mutation]
 12769 | D:11     | Gained mutation: Your flesh is heat resistant. (rF+) [potion of mutation]
 12779 | D:11     | Identified a scroll of acquirement
 12780 | D:11     | Got a flickering lead ring
 12781 | D:11     | Identified the ring of Kovvyn {Wiz +Fly Int+3} (You acquired it on level 11 of the Dungeon)
 12887 | D:11     | Killed a seven-headed hydra
 13013 | D:12     | Got a pitted flail
 13022 | D:11     | Identified the +8 flail "Funirph" {antimagic, rPois} (You found it on level 12 of the Dungeon)
 13315 | D:11     | Noticed a four-headed hydra
 13321 | D:11     | Killed a four-headed hydra
 13705 | Lair:1   | Entered Level 1 of the Lair of Beasts
 13916 | Lair:1   | Noticed Kite's ghost (novice MiBe)
 14041 | Lair:2   | Found a labyrinth entrance.
 14059 | Lair:2   | Reached skill level 16 in Spellcasting
 14069 | Lab      | Entered a labyrinth
 14338 | Lab      | Noticed a minotaur
 14342 | Lab      | Killed a minotaur
 14364 | Lab      | Learned a level 8 spell: Controlled Blink
 14412 | Lair:2   | Found a dark tunnel.
 14418 | Volcano  | Entered a volcano
 14677 | Volcano  | Reached XP level 13. HP: 71/71 MP: 29/33
 14717 | Volcano  | Learned a level 4 spell: Force Lance
 15017 | Volcano  | Identified Himul's Disquisition on Confrontation (Sif Muna gifted it to you in a volcano)
 15017 | Volcano  | Received a gift from Sif Muna
 15120 | Volcano  | Found a radiant altar of Vehumet.
 15290 | Lair:2   | Got a translucent tin ring
 15291 | Lair:2   | Identified the ring "Duciust" {rPois rN+ Stlth+} (You acquired it on level 2 of the Lair of Beasts)
 15379 | Lair:2   | Learned a level 6 spell: Poison Arrow
 15393 | Lair:2   | Found a hole to the Spider Nest.
 15399 | Lair:2   | Reached skill level 1 in Poison Magic
 15402 | Lair:2   | Reached skill level 17 in Spellcasting
 15560 | Lair:2   | Noticed Gastronok
 15567 | Lair:2   | Killed Gastronok
 15997 | Lair:3   | Found a staircase to the Shoals.
 16178 | Lair:3   | Noticed Nergalle
 16188 | Lair:3   | Killed Nergalle
 16208 | Lair:3   | Noticed Rupert
 16967 | Lair:2   | Paralysed by Rupert for 6 turns
 17705 | Lair:4   | Received a gift from Sif Muna
 17716 | Lair:4   | Reached skill level 18 in Spellcasting
 18765 | Lair:1   | Killed Kite's ghost
 18765 | Lair:1   | Reached XP level 14. HP: 76/76 MP: 0/36
 19042 | Orc:2    | Reached skill level 5 in Poison Magic
 19234 | Orc:2    | Found a staircase to the Elven Halls.
 19777 | Orc:2    | Found Faacza's Food Boutique.
 19880 | Orc:2    | Found Emniklos's Food Shop.
 20160 | Orc:2    | Identified Sif Muna's Guide on Harmful Companions (Sif Muna gifted it to you on level 2 of the Orcish Mines)
 20160 | Orc:2    | Received a gift from Sif Muna
 20167 | Orc:2    | Learned a level 4 spell: Throw Icicle
 20394 | Orc:2    | Reached skill level 19 in Spellcasting
 20837 | Orc:2    | Found Omenauty's Gadget Shoppe.
 20837 | Orc:2    | Found Amoodol's Antique Weapon Emporium.
 20838 | Orc:2    | Found a one-way gate leading to the halls of Pandemonium.
 21353 | Orc:1    | Reached ****** piety under Sif Muna
 22037 | D:12     | Reached skill level 1 in Fighting
 22059 | D:12     | Reached XP level 15. HP: 83/83 MP: 14/38
 22188 | D:12     | Identified Sif Muna's Handbook of Unstable Clay (Sif Muna gifted it to you on level 12 of the Dungeon)
 22188 | D:12     | Received a gift from Sif Muna
 22336 | D:12     | Noticed Harold
 22338 | D:12     | Killed Harold
 22471 | D:12     | Reached skill level 20 in Spellcasting
 22749 | D:12     | Learned a level 7 spell: Spellforged Servitor
 22754 | D:13     | Noticed Snorg
 22758 | D:13     | Killed Snorg
 23000 | D:13     | Noticed Josephine
 23004 | D:13     | Killed Josephine
 23251 | D:13     | Got a crystal dagger
 23252 | D:13     | Identified the +6 dagger "Eruqis" {vamp, Dex+3} (You found it on level 13 of the Dungeon)
 23904 | D:14     | Noticed Louise
 23916 | D:14     | Killed Louise
 24028 | D:14     | Identified Caizxas's Guide on Ghastly Air (Sif Muna gifted it to you on level 14 of the Dungeon)
 24028 | D:14     | Received a gift from Sif Muna
 24407 | D:14     | Found a gate to the Vaults.
 24726 | D:15     | Entered Level 15 of the Dungeon
 24728 | D:15     | Found a flickering gateway to a bazaar.
 24846 | Bazaar   | Entered a bazaar
 24860 | Bazaar   | Found Nisyod's Gadget Shoppe.
 24882 | Bazaar   | Found Vint's Antique Weapon Emporium.
 24903 | Bazaar   | Found Deanaesui's Assorted Antiques.
 24924 | Bazaar   | Found Jeingi's Food Emporium.
 24924 | Bazaar   | Found Ceufieba's Food Shoppe.
 24981 | Bazaar   | Bought a smoking battleaxe for 287 gold pieces
 24989 | Bazaar   | Identified the +8 battleaxe of Naitao {freeze, rF+ rC+ Stlth+} (You bought it in a shop in a bazaar)
 25023 | Bazaar   | Bought a phial of floods for 280 gold pieces
 25023 | Bazaar   | Bought a wand of digging (9/24) for 182 gold pieces
 25170 | D:15     | Reached skill level 21 in Spellcasting
 25182 | D:15     | Found a staircase to the Depths.
 25288 | D:15     | Noticed Azrael
 25314 | D:15     | Killed Azrael
 25780 | Lair:5   | Reached XP level 16. HP: 84/97 MP: 11/41
 25982 | Lair:5   | Reached skill level 5 in Fighting
 25989 | Lair:5   | Noticed Urug
 25991 | Lair:5   | Killed Urug
 26050 | Lair:5   | Found a staircase to the Slime Pits.
 26692 | Lair:6   | Entered Level 6 of the Lair of Beasts
 26693 | Lair:6   | Identified Sif Muna's Tome of Damaging Earth (Sif Muna gifted it to you on level 6 of the Lair of Beasts)
 26693 | Lair:6   | Received a gift from Sif Muna
 27333 | Lair:6   | Got a transparent hand crossbow
 28357 | Lair:2   | Killed Rupert
 28449 | Shoals:1 | Entered Level 1 of the Shoals
 28464 | Shoals:1 | Reached skill level 22 in Spellcasting
 29070 | Shoals:1 | Received a gift from Sif Muna
 29457 | Shoals:1 | Reached XP level 17. HP: 101/108 MP: 6/43
 29600 | Shoals:1 | Identified the +3 hand crossbow of Tyxze {velocity, Dex+3} (You found it on level 6 of the Lair of Beasts)
 29749 | Shoals:1 | Got a twisted longbow
 29756 | Shoals:1 | Identified the +8 longbow of the Twelve Cities {freeze, rC++ Int-2} (You found it on level 1 of the Shoals)
 29906 | Shoals:2 | Noticed Frances
 30041 | Shoals:2 | Noticed Aizul
 30041 | Shoals:2 | Noticed Kirke
 30051 | Shoals:2 | Killed Kirke
 30052 | Shoals:2 | Killed Aizul
 30063 | Shoals:1 | Slain by a manticore

Vault maps used:
D:1:      zelgadis_glass_arrival_small
D:3:      nemelex_xobeh_ov_fountains_minmay, lemuel_crystal_altar,
          chequers_ecumenical_altar_island, minmay_close_crescents,
          uniq_terence, uniq_robin
D:4:      first_bread, uniq_blork_the_orc
D:5:      nicolae_tso_besieged_by_evil, lemuel_doored_altar
D:6:      lemuel_ice_spiral_2, uniq_pikel
D:7:      kennysheep_mini, minmay_temple_entry_enclosed_plants, grunt_livestock
D:8:      uniq_erica, uniq_psyche, uniq_grum, uniq_prince_ribbit1
D:9:      minmay_diamond_stairs, kennysheep_little_box, hiddenorc1_lemuel,
          minmay_door_square, nicolae_ru_the_path_less_chosen
D:10:     erik_lair_orcish_takeover, evilmike_butchery, uniq_sonja
D:12:     uniq_harold
D:13:     spider_trap, uniq_snorg, uniq_josephine
D:14:     lightli_vaults_fourway_checkpoint, small_statue_alley_a, uniq_louise
D:15:     hangedman_depths_entry_civil_slaughter, minivault_24, serial_shops,
          bzr_entry_gold, uniq_azrael, uniq_roxanne
Temple:   regret_index_temple_sphere_string
Lair:1:   serial_bayou_pond_b, minivault_27, st_stairs_9, beast_lair_carwin_10
Lair:2:   spider_nest_entry_a, enter_volcano_2, serial_forest,
          infiniplex_forest_zigzag_1, infiniplex_forest_lined_2,
          infiniplex_forest_end_2, infiniplex_forest_lined_room_,
          lab_entry_generic, beast_lair_carwin_2, infiniplex_staircase_pool_2,
          uniq_gastronok
Lair:3:   elwin_shoals_entry_stream, uniq_nergalle, uniq_rupert
Lair:4:   serial_bayou_shore_a
Lair:5:   minmay_slime_entry_jelly_boxes, grunt_megastairs_5,
          minmay_lair_oklob_chamber, uniq_urug
Lair:6:   grunt_lair_end_beastmaster
Shoals:1: argonaut_golden_fleece, nicolae_shoals_wave_tunnel
Shoals:2: st_sunken_temple, uniq_frances, uniq_aizul, uniq_kirke,
          uniq_polyphemus
Orc:2:    pf_orc_diabolical, elves_outpost_lemuel
Lab:      labyrinth_spiral, nicolae_lab_big_swirl
Bazaar:   bazaar_long_row
Volcano:  volcano_grotto

Skill      XL: |  1  2  3  4  5  6  7  8  9 10 11 12 13 14 15 16 |
---------------+-------------------------------------------------+-----
Spellcasting   | 4 5 6 9 10 11 12 14 16 18 19 21 22 | 22.6
Conjurations   | 2 3 5 6 |  6.9
Fire Magic     | 3 5 |  5.0
Stealth        | 5 |  5.0
Charms         | 1 |  1.8
Air Magic      | 1 |  1.2
Shields        | 1 4 |  4.0
Poison Magic   | 4 6 |  6.4
Fighting       | 1 4 7 |  7.5
Dodging        | |  2.0
Summonings     | |  1.0
Translocations | |  1.0

Action                   |  1- 3 |  4- 6 |  7- 9 | 10-12 | 13-15 | 16-18 || total
-------------------------+-------+-------+-------+-------+-------+-------++-------
Melee: Unarmed           |     8 |       |       |       |       |       ||     8
       Constrict         |    11 |    23 |    17 |    10 |    17 |     2 ||    80
       Dagger            |    21 |       |       |       |       |       ||    21
       Tentacles         |     2 |    13 |    11 |     7 |    13 |     3 ||    49
       Short sword       |       |    78 |    46 |       |       |       ||   124
       Staff             |       |       |    15 |    37 |    72 |    31 ||   155
       Trident           |       |       |       |    14 |       |       ||    14
       Demon whip        |       |       |       |       |     8 |     5 ||    13
 Cast: Magic Dart        |    70 |   108 |   191 |   120 |    20 |     2 ||   511
       Call Imp          |    15 |    10 |    12 |     6 |    12 |     1 ||    56
       Mephitic Cloud    |     1 |     8 |    17 |    30 |    10 |     1 ||    67
       Blink             |     1 |       |       |     4 |    14 |     7 ||    26
       Conjure Flame     |       |     3 |     9 |    27 |     7 |       ||    46
       Animate Skeleton  |       |     1 |    17 |    71 |   120 |    82 ||   291
       Apportation       |       |     4 |       |       |       |       ||     4
       Throw Flame       |       |       |    50 |   259 |   236 |       ||   545
       Inner Flame       |       |       |     2 |    11 |     1 |       ||    14
       Summon Small Mamm |       |       |     1 |     1 |     1 |       ||     3
       Fireball          |       |       |       |    79 |   140 |    61 ||   280
       Deflect Missiles  |       |       |       |     1 |     4 |     2 ||     7
       Slow              |       |       |       |     1 |     4 |       ||     5
       Force Lance       |       |       |       |       |    60 |    40 ||   100
       Poison Arrow      |       |       |       |       |   201 |   121 ||   322
       Throw Icicle      |       |       |       |       |    18 |       ||    18
       Spellforged Servi |       |       |       |       |       |     3 ||     3
Evoke: Wand              |       |     4 |     1 |     2 |     1 |       ||     8
       Sack of spiders   |       |       |       |       |     2 |       ||     2
       Lightning rod     |       |       |       |       |     1 |       ||     1
  Use: Scroll            |     4 |     7 |     4 |    14 |    21 |     1 ||    51
       Potion            |       |     3 |     1 |     9 |     7 |     1 ||    21
 Stab: Sleeping          |       |     1 |     1 |       |     1 |       ||     3
       Confused          |       |       |     3 |     1 |     2 |       ||     6
       Distracted        |       |       |       |     1 |     1 |       ||     2
  Eat: Bread ration      |     1 |       |       |       |     1 |       ||     2
       Chunk             |       |     7 |    12 |    27 |    26 |    13 ||    85
       Fruit             |       |       |       |     1 |     5 |     1 ||     7
Armor: Skin              |     6 |    13 |    12 |    13 |    13 |     2 ||    59
Dodge: Dodged            |    25 |    69 |    64 |    72 |   114 |    93 ||   437
       Deflected         |       |       |       |     4 |    11 |    14 ||    29
Block: Buckler           |       |       |       |    13 |    37 |    31 ||    81

Table legend:
 A = Spawn XP
 B = Non-spawn XP
 C = Spawn XP percentage of total XP
 D = Spawn monster count
 E = Non-spawn monster count
 F = Spawn count percentage of total count
 G = Total turns spent on level
                    A         B        C        D         E        F      G
               +---------+---------+-------+---------+---------+-------+---------
         Total |       0 |  192791 |   0.0 |       0 |     906 |   0.0 | 30063
               +---------+---------+-------+---------+---------+-------+---------
           D:1 |       0 |      29 |   0.0 |       0 |      12 |   0.0 |  1359
           D:2 |       0 |      74 |   0.0 |       0 |      23 |   0.0 |  1117
           D:3 |       0 |     136 |   0.0 |       0 |      46 |   0.0 |  1134
           D:4 |       0 |     368 |   0.0 |       0 |      12 |   0.0 |   983
           D:5 |       0 |     468 |   0.0 |       0 |      26 |   0.0 |   932
           D:6 |       0 |    1649 |   0.0 |       0 |      26 |   0.0 |  1511
           D:7 |       0 |    1366 |   0.0 |       0 |      16 |   0.0 |   722
           D:8 |       0 |    3354 |   0.0 |       0 |      38 |   0.0 |  1408
           D:9 |       0 |    7444 |   0.0 |       0 |      59 |   0.0 |  2080
          D:10 |       0 |    2908 |   0.0 |       0 |      37 |   0.0 |  1255
          D:11 |       0 |    7926 |   0.0 |       0 |      48 |   0.0 |  1177
          D:12 |       0 |    9788 |   0.0 |       0 |      47 |   0.0 |  1030
          D:13 |       0 |    9650 |   0.0 |       0 |      39 |   0.0 |   779
          D:14 |       0 |   15841 |   0.0 |       0 |      40 |   0.0 |  1127
          D:15 |       0 |    8775 |   0.0 |       0 |      22 |   0.0 |   422
        Lair:1 |       0 |    4836 |   0.0 |       0 |      24 |   0.0 |   919
        Lair:2 |       0 |   11855 |   0.0 |       0 |      26 |   0.0 |  1609
        Lair:3 |       0 |    7657 |   0.0 |       0 |      17 |   0.0 |  1237
        Lair:4 |       0 |    2708 |   0.0 |       0 |      14 |   0.0 |  1122
        Lair:5 |       0 |   11294 |   0.0 |       0 |      49 |   0.0 |  1201
        Lair:6 |       0 |   19765 |   0.0 |       0 |      64 |   0.0 |  1195
      Shoals:1 |       0 |   22462 |   0.0 |       0 |      49 |   0.0 |  1146
      Shoals:2 |       0 |    8217 |   0.0 |       0 |      13 |   0.0 |    28
         Orc:1 |       0 |    2746 |   0.0 |       0 |      29 |   0.0 |   791
         Orc:2 |       0 |   25671 |   0.0 |       0 |     108 |   0.0 |  2148
           Lab |       0 |    1105 |   0.0 |       0 |       1 |   0.0 |   296
       Volcano |       0 |    4699 |   0.0 |       0 |      21 |   0.0 |   723
               +---------+---------+-------+---------+---------+-------+---------
